TOP OF THE 1ST |
Reno Aces batting - Pitching for Oklahoma City Dodgers : RHP Nick Harmon
|
Pitching: RHP Nick Harmon
|
|
Batting: LHB Willie Gutierrez
|
0-0: SINGLE (Groundball, 56S, EV 71.9 MPH) (infield hit)
|
Batting: RHB Jesus Galvan
|
0-0: Foul Ball, location: 2F 0-1: Ball 1-1: Ball 2-1: Ball 3-1: Swinging Strike 3-2: SINGLE (Groundball, 4MD, EV 101.2 MPH) Willie Gutierrez to second Willie Gutierrez to third
|
Batting: LHB Rich Butler
|
0-0: Swinging Strike 0-1: Called Strike 0-2: Strikes out swinging
|
Batting: LHB Jeff Densmore
|
0-0: Foul Ball, location: 2F 0-1: Foul Ball, location: 2F 0-2: Ball 1-2: Strikes out swinging
|
Batting: LHB Soo-yeon Kym
|
0-0: Ground out U3 (Groundball, 3L, EV 103.1 MPH)
|
Top of the 1st over - 0 runs, 2 hits, 0 errors, 2 left on base; Reno 0 - Oklahoma City 0 |
BOTTOM OF THE 1ST |
Oklahoma City Dodgers batting - Pitching for Reno Aces : RHP Marcos Tejeda
|
Pitching: RHP Marcos Tejeda
|
|
Batting: RHB Jose Ramirez
|
0-0: Ball 1-0: SINGLE (Line Drive, 4M, EV 100.0 MPH)
|
Batting: RHB Jason Baldwin
|
0-0: Fielders Choice at 2nd, 1-4 (Groundball, 15S, EV 68.8 MPH)
|
Batting: RHB Tommy Hunter
|
0-0: Ball Jason Baldwin is caught stealing 2nd base 2-4 1-0: Ball 2-0: Foul Ball, location: 2F 2-1: Fly out, F9 (Line Drive, 89M, EV 86.9 MPH)
|
Bottom of the 1st over - 0 runs, 1 hit, 0 errors, 0 left on base; Reno 0 - Oklahoma City 0 |
TOP OF THE 2ND |
Reno Aces batting - Pitching for Oklahoma City Dodgers : RHP Nick Harmon
|
Batting: RHB Josh Burrows
|
0-0: Called Strike 0-1: Ball 1-1: Foul Ball, location: 2F 1-2: Ball 2-2: Ground out 5-3 (Groundball, 5, EV 106.2 MPH)
|
Batting: LHB Brad Ritter
|
0-0: Called Strike 0-1: Foul Ball, location: 2F 0-2: Ball 1-2: Foul Ball, location: 2F 1-2: Foul Ball, location: 2F 1-2: Strikes out swinging
|
Batting: RHB Yutaka Oki
|
0-0: Ground out 1-3 (Groundball, 13, EV 68.1 MPH)
|
Top of the 2nd over - 0 runs, 0 hits, 0 errors, 0 left on base; Reno 0 - Oklahoma City 0 |
BOTTOM OF THE 2ND |
Oklahoma City Dodgers batting - Pitching for Reno Aces : RHP Marcos Tejeda
|
Batting: RHB Carlos Gonzalez
|
0-0: Ground out 6-3 (Groundball, 6S, EV 71.2 MPH)
|
Batting: LHB Darrell Ortega
|
0-0: Ball 1-0: Ball 2-0: Ground out U3 (Groundball, 3S, EV 74.4 MPH)
|
Batting: RHB Alex Cid
|
0-0: Foul Ball, location: 2F 0-1: Ball 1-1: Foul Ball, location: 2F 1-2: Strikes out swinging
|
Bottom of the 2nd over - 0 runs, 0 hits, 0 errors, 0 left on base; Reno 0 - Oklahoma City 0 |
TOP OF THE 3RD |
Reno Aces batting - Pitching for Oklahoma City Dodgers : RHP Nick Harmon
|
Batting: RHB Jose Sisneros
|
0-0: Fly out, F6 (Line Drive, 6, EV 68.1 MPH)
|
Batting: LHB Willie Gutierrez
|
0-0: Ball 1-0: Called Strike 1-1: Swinging Strike 1-2: Ball 2-2: Ball 3-2: Base on Balls
|
Batting: RHB Jesus Galvan
|
0-0: Ball Willie Gutierrez steals 2nd base 1-0: SINGLE (Flyball, 89S, EV 96.2 MPH) Willie Gutierrez to third
|
Batting: LHB Rich Butler
|
0-0: Foul Ball, location: 2F 0-1: Fly out, F9 (Flyball, 9, EV 96.9 MPH)
|
Batting: LHB Jeff Densmore
|
0-0: Ball 1-0: Called Strike 1-1: Ball 2-1: Ball 3-1: Fielders Choice at 2nd, U4 (Groundball, 4M, EV 88.1 MPH)
|
Top of the 3rd over - 0 runs, 1 hit, 0 errors, 2 left on base; Reno 0 - Oklahoma City 0 |
BOTTOM OF THE 3RD |
Oklahoma City Dodgers batting - Pitching for Reno Aces : RHP Marcos Tejeda
|
Batting: LHB Ryan Murdock
|
0-0: Called Strike 0-1: Called Strike 0-2: Ground out 1-3 (Groundball, 15S, EV 73.8 MPH)
|
Batting: LHB Doug Frampton
|
0-0: Foul Ball, location: 2F 0-1: Foul Ball, location: 2F 0-2: Strikes out swinging
|
Batting: RHB Kevin Ezell
|
0-0: Called Strike 0-1: Ball 1-1: Ground out 6-3 (Groundball, 4MS, EV 93.1 MPH)
|
Bottom of the 3rd over - 0 runs, 0 hits, 0 errors, 0 left on base; Reno 0 - Oklahoma City 0 |
TOP OF THE 4TH |
Reno Aces batting - Pitching for Oklahoma City Dodgers : RHP Nick Harmon
|
Batting: LHB Soo-yeon Kym
|
0-0: Called Strike 0-1: Ball 1-1: Foul Ball, location: 2F 1-2: Ball 2-2: Strikes out swinging
|
Batting: RHB Josh Burrows
|
0-0: Ball 1-0: Foul Ball, location: 2F 1-1: SINGLE (Line Drive, 7S, EV 91.2 MPH)
|
Batting: LHB Brad Ritter
|
0-0: Ball 1-0: Ball 2-0: Ball 3-0: Called Strike 3-1: Swinging Strike 3-2: Foul Ball, location: 2F 3-2: Grounds into double play, 5-4-3 (Groundball, 56, EV 105.0 MPH)
|
Top of the 4th over - 0 runs, 1 hit, 0 errors, 0 left on base; Reno 0 - Oklahoma City 0 |
BOTTOM OF THE 4TH |
Oklahoma City Dodgers batting - Pitching for Reno Aces : RHP Marcos Tejeda
|
Batting: RHB Jose Ramirez
|
0-0: SINGLE (Flyball, 5D, EV 96.9 MPH)
|
Batting: RHB Jason Baldwin
|
0-0: Ball Jose Ramirez steals 2nd base 1-0: Ball 2-0: Ball 3-0: Called Strike 3-1: Fly out, F7 (Flyball, 78M, EV 96.9 MPH) Runner from 2nd tags up, SAFE at 3rd with throw by LF
|
Batting: RHB Tommy Hunter
|
0-0: Called Strike 0-1: Hit by Pitch
|
Batting: RHB Carlos Gonzalez
|
0-0: Ball 1-0: Called Strike 1-1: Called Strike Tommy Hunter steals 2nd base 1-2: Foul Ball, location: 2F 1-2: Ground out 4-3 (Groundball, 4, EV 100.6 MPH) Jose Ramirez scores Tommy Hunter to third
|
Batting: LHB Darrell Ortega
|
0-0: Ball 1-0: Ball 2-0: Ball 3-0: Base on Balls
|
Batting: RHB Alex Cid
|
0-0: Fielders Choice at 2nd, 6-4 (Groundball, 6, EV 83.1 MPH)
|
Bottom of the 4th over - 1 run, 1 hit, 0 errors, 2 left on base; Reno 0 - Oklahoma City 1 |
TOP OF THE 5TH |
Reno Aces batting - Pitching for Oklahoma City Dodgers : RHP Nick Harmon
|
Batting: RHB Yutaka Oki
|
0-0: Swinging Strike 0-1: Ball 1-1: Ball 2-1: Swinging Strike 2-2: Foul Ball, location: 2F 2-2: Fly out, F7 (Line Drive, 7, EV 97.5 MPH)
|
Batting: RHB Jose Sisneros
|
0-0: Ground out 5-3 (Groundball, 5S, EV 82.5 MPH)
|
Batting: LHB Willie Gutierrez
|
0-0: Ball 1-0: Ball 2-0: Foul Ball, location: 2F 2-1: Ball 3-1: Foul Ball, location: 2F 3-2: SINGLE (Line Drive, 8RS, EV 109.4 MPH)
|
Batting: RHB Jesus Galvan
|
0-0: Ball Willie Gutierrez steals 2nd base 1-0: Fly out, F5 (Popup, 15, EV 74.4 MPH)
|
Top of the 5th over - 0 runs, 1 hit, 0 errors, 1 left on base; Reno 0 - Oklahoma City 1 |
BOTTOM OF THE 5TH |
Oklahoma City Dodgers batting - Pitching for Reno Aces : RHP Marcos Tejeda
|
Batting: LHB Ryan Murdock
|
0-0: Called Strike 0-1: Foul Ball, location: 2F 0-2: Strikes out swinging
|
Batting: LHB Doug Frampton
|
0-0: Foul Ball, location: 2F 0-1: Ball 1-1: Called Strike 1-2: Ball 2-2: Strikes out swinging
|
Batting: RHB Kevin Ezell
|
0-0: Ball 1-0: Foul Ball, location: 2F 1-1: Ball 2-1: Foul Ball, location: 2F 2-2: Foul Ball, location: 2F 2-2: Ground out 5-3 (Groundball, 56S, EV 84.4 MPH)
|
Bottom of the 5th over - 0 runs, 0 hits, 0 errors, 0 left on base; Reno 0 - Oklahoma City 1 |
TOP OF THE 6TH |
Reno Aces batting - Pitching for Oklahoma City Dodgers : RHP Nick Harmon
|
Batting: LHB Rich Butler
|
0-0: Ball 1-0: SINGLE (Flyball, 4MD, EV 94.4 MPH) - OUT at second base trying to stretch hit.
|
Batting: LHB Jeff Densmore
|
0-0: Called Strike 0-1: SOLO HOME RUN (Flyball, 9D, EV 113.1 MPH), Distance : 432 ft
|
Batting: LHB Soo-yeon Kym
|
0-0: Ball 1-0: SOLO HOME RUN (Flyball, 78XD, EV 101.9 MPH), Distance : 409 ft
|
Batting: RHB Josh Burrows
|
0-0: Ball 1-0: Ground out 4-3 (Groundball, 34, EV 101.2 MPH)
|
Batting: LHB Brad Ritter
|
0-0: Ball 1-0: Ball 2-0: Ball 3-0: Called Strike 3-1: Ground out 4-3 (Groundball, 4, EV 97.5 MPH)
|
Top of the 6th over - 2 runs, 3 hits, 0 errors, 0 left on base; Reno 2 - Oklahoma City 1 |
BOTTOM OF THE 6TH |
Oklahoma City Dodgers batting - Pitching for Reno Aces : RHP Marcos Tejeda
|
Batting: RHB Jose Ramirez
|
0-0: Swinging Strike 0-1: Ball 1-1: Called Strike 1-2: Ball 2-2: Foul Ball, location: 2F 2-2: Ball 3-2: Strikes out looking
|
Batting: RHB Jason Baldwin
|
0-0: Foul Ball, location: 2F 0-1: Ball 1-1: Ground out 5-3 (Groundball, 56, EV 84.4 MPH)
|
Batting: RHB Tommy Hunter
|
0-0: Ball 1-0: Ball 2-0: Ball 3-0: Base on Balls
|
Batting: RHB Carlos Gonzalez
|
0-0: Ball 1-0: Ground out U3 (Groundball, 3, EV 83.8 MPH)
|
Bottom of the 6th over - 0 runs, 0 hits, 0 errors, 1 left on base; Reno 2 - Oklahoma City 1 |
TOP OF THE 7TH |
Reno Aces batting - Pitching for Oklahoma City Dodgers : RHP Nick Harmon
|
Batting: RHB Yutaka Oki
|
0-0: SINGLE (Groundball, 56D, EV 100.6 MPH)
|
Batting: RHB Jose Sisneros
|
0-0: Bunted foul Pickoff Throw to First - Out! 1-3 0-1: Ball 1-1: Ground out 4-3 (Groundball, 4, EV 103.1 MPH)
|
DELAY
|
Rain delay of 20 minutes in the 7th inning.
|
Batting: LHB Willie Gutierrez
|
0-0: Ball 1-0: Ball 2-0: Ball 3-0: Called Strike 3-1: Swinging Strike 3-2: Ground out 4-3 (Groundball, 4, EV 88.1 MPH)
|
Top of the 7th over - 0 runs, 1 hit, 0 errors, 0 left on base; Reno 2 - Oklahoma City 1 |
BOTTOM OF THE 7TH |
Oklahoma City Dodgers batting - Pitching for Reno Aces : RHP Marcos Tejeda
|
Batting: LHB Darrell Ortega
|
0-0: Ball 1-0: Swinging Strike 1-1: Foul Ball, location: 2F 1-2: Fly out, F8 (Flyball, 8RS, EV 95.6 MPH)
|
Batting: LHB Tore Bosch
|
0-0: Called Strike 0-1: Ball 1-1: Foul Ball, location: 2F 1-2: Foul Ball, location: 2F 1-2: Ball 2-2: Strikes out looking
|
Batting: LHB Ryan Murdock
|
0-0: Ball 1-0: Swinging Strike 1-1: Ball 2-1: SINGLE (Line Drive, 89S, EV 112.5 MPH)
|
Batting: LHB Doug Frampton
|
0-0: Ball 1-0: Called Strike 1-1: Foul Ball, location: 2F 1-2: Ball 2-2: Ground out 1-3 (Groundball, 13S, EV 72.5 MPH)
|
Bottom of the 7th over - 0 runs, 1 hit, 0 errors, 1 left on base; Reno 2 - Oklahoma City 1 |
TOP OF THE 8TH |
Reno Aces batting - Pitching for Oklahoma City Dodgers : RHP Nick Harmon
|
Batting: RHB Jesus Galvan
|
0-0: Ball 1-0: Called Strike 1-1: Foul Ball, location: 2F 1-2: Foul Ball, location: 2F 1-2: Ball 2-2: Fly out, F9 (Flyball, 89S, EV 85.6 MPH)
|
Batting: LHB Rich Butler
|
0-0: Ball 1-0: Ground out 4-3 (Groundball, 4, EV 90.0 MPH)
|
Batting: LHB Jeff Densmore
|
0-0: Called Strike 0-1: Ball 1-1: Ball 2-1: Foul Ball, location: 2F 2-2: Foul Ball, location: 2F 2-2: Foul Ball, location: 2F 2-2: Foul Ball, location: 2F 2-2: Ball 3-2: Foul Ball, location: 2F 3-2: Fly out, F6 (Popup, 5D, EV 56.9 MPH)
|
Top of the 8th over - 0 runs, 0 hits, 0 errors, 0 left on base; Reno 2 - Oklahoma City 1 |
BOTTOM OF THE 8TH |
Oklahoma City Dodgers batting - Pitching for Reno Aces : RHP Marcos Tejeda
|
Batting: RHB Kevin Ezell
|
0-0: Ground out 5-3 (Groundball, 5L, EV 100.6 MPH)
|
Pinch Hitting: LHB Stephen Van Raalte
|
0-0: Called Strike 0-1: Ball 1-1: Ball 2-1: Foul Ball, location: 2F 2-2: Reached on error, E4 (Groundball, 4, EV 100.0 MPH)
|
Batting: RHB Jason Baldwin
|
0-0: Ball 1-0: Ball 2-0: Ball 3-0: Called Strike 3-1: Bunted foul 3-2: Strikes out swinging
|
Pitching: RHP Jeff Whaley
|
|
Batting: RHB Tommy Hunter
|
0-0: Called Strike 0-1: Ball 1-1: Called Strike 1-2: Foul Ball, location: 2F 1-2: Ground out 4-3 (Groundball, 34, EV 84.4 MPH)
|
Bottom of the 8th over - 0 runs, 0 hits, 1 error, 1 left on base; Reno 2 - Oklahoma City 1 |
TOP OF THE 9TH |
Reno Aces batting - Pitching for Oklahoma City Dodgers : RHP Nick Harmon
|
Pitching: RHP Miguel Martinez
|
|
Now at SS: Theo Schepers
|
|
Batting: LHB Soo-yeon Kym
|
0-0: Foul Ball, location: 2F 0-1: Fly out, F8 (Flyball, 8LM, EV 87.5 MPH)
|
Batting: RHB Josh Burrows
|
0-0: Ball 1-0: Swinging Strike 1-1: Ball 2-1: Ball 3-1: Foul Ball, location: 2F 3-2: Foul Ball, location: 2F 3-2: Strikes out looking
|
Batting: LHB Brad Ritter
|
0-0: Called Strike 0-1: SINGLE (Groundball, 6MD, EV 112.5 MPH)
|
Batting: RHB Yutaka Oki
|
0-0: Ball 1-0: Called Strike 1-1: Ball 2-1: Fly out, F8 (Flyball, 8LD, EV 100.0 MPH)
|
Top of the 9th over - 0 runs, 1 hit, 0 errors, 1 left on base; Reno 2 - Oklahoma City 1 |
BOTTOM OF THE 9TH |
Oklahoma City Dodgers batting - Pitching for Reno Aces : RHP Jeff Whaley
|
Now at 1B: Cesar Chavez
|
|
Now at 2B: Jonathan Lugo
|
|
Now at 3B: Franklin Villanueva
|
|
Now in LF: Dustin Clark
|
|
Now in RF: Yutaka Oki
|
|
Batting: RHB Carlos Gonzalez
|
0-0: Ball 1-0: Swinging Strike 1-1: Foul Ball, location: 2F 1-2: Foul Ball, location: 2F 1-2: Ball 2-2: Ground out 6-3 (Groundball, 6, EV 92.5 MPH)
|
Batting: LHB Darrell Ortega
|
0-0: Ball 1-0: Called Strike 1-1: Swinging Strike 1-2: Ball 2-2: Ball 3-2: SINGLE (Line Drive, 34D, EV 96.2 MPH)
|
Batting: LHB Tore Bosch
|
0-0: Called Strike 0-1: Ball 1-1: Called Strike 1-2: Strikes out swinging
|
Batting: LHB Ryan Murdock
|
0-0: Called Strike 0-1: Ball 1-1: Foul Ball, location: 2F 1-2: Strikes out swinging
|
Bottom of the 9th over - 0 runs, 1 hit, 0 errors, 1 left on base; Reno 2 - Oklahoma City 1 |
|